 Dungeon Crawl Stone Soup version 0.28.0-43-g3370ac3207 (webtiles) character file.

Game seed: 16931607672456720765

11 NinjaNoafa the Sneak (level 2, 11/18 HPs)
             Began as a Kobold Brigand on Apr 1, 2022.
             Quit the game on level 1 of the Dungeon.
             The game lasted 00:01:35 (495 turns).

NinjaNoafa the Sneak (Kobold Brigand)                Turns: 495, Time: 00:01:35

Health: 11/18      AC:  3    Str:  8    XL:     2   Next: 40%
Magic:  2/2        EV: 14    Int: 12    God:
Gold:   0          SH:  0    Dex: 16    Spells: 1/1 levels left

rFire   . . .      SeeInvis .   a - +2 dagger
rCold   . . .      Faith    .   (no shield)
rNeg    . . .      Spirit   .   b - +0 robe
rPois   .          Reflect  .   (no helmet)
rElec   .          Harm     .   c - +0 cloak
rCorr   .          Rampage  .   (no gloves)
Will    .....                   (no boots)
Stlth   ++++......              (no amulet)
HPRegen 0.06/turn               (no ring)
MPRegen 0.08/turn               (no ring)

@: no status effects
A: small, no large weapons, nightstalker 3
a: no special abilities


You were on level 1 of the Dungeon.
You visited 1 branch of the dungeon, and saw 1 of its levels.

Inventory:

Hand Weapons
 a - a +2 dagger (weapon)
Missiles
 d - 7 poisoned darts (quivered)
 e - 2 curare-tipped darts
Armour
 b - a +0 robe (worn)
 c - a +0 cloak (worn)
Potions
 f - a potion of mutation {unknown}


   Skills:
 + Level 2.4 Fighting
 + Level 2.9 Short Blades
 + Level 2.3 Throwing
 + Level 1.4 Dodging
 * Level 5.5 Stealth
 + Level 0.4 Spellcasting


You had one spell level left.
You didn't know any spells.
Your spell library was empty.

Dungeon Overview and Level Annotations

Branches:
Dungeon (1/15)

Altars:
Gozag


Innate Abilities, Weirdness & Mutations

You are small and have problems with some larger weapons.
You are completely attuned to the shadows.


Message History

Things that are here:
a +0 club; a goblin corpse
f - a metallic white potion
Found a stone staircase leading down.
A hobgoblin comes into view.
Gozag incites the hobgoblin against you.
The hobgoblin shouts!
The hobgoblin goes berserk!
A hobgoblin is nearby!
Throw: 8 darts (poison)
Press: ? - help, Q - select action, (/) - cycle Shift-Dir - straight line, f - hobgoblin
Aim: a hobgoblin (berserk, incited by Gozag, 62% to hit)
You throw a poisoned dart. The poisoned dart hits the hobgoblin.
You barely miss the hobgoblin. The hobgoblin closely misses you.
The hobgoblin barely misses you.
You hit the hobgoblin but do no damage. The hobgoblin hits you.
You barely miss the hobgoblin. The hobgoblin hits you.
You closely miss the hobgoblin. The hobgoblin misses you.
You hit the hobgoblin.
The hobgoblin is lightly wounded.
The hobgoblin misses you. The hobgoblin closely misses you.
You barely miss the hobgoblin.
The hobgoblin is lightly wounded.
The hobgoblin closely misses you.
You hit the hobgoblin.
The hobgoblin is moderately wounded.
The hobgoblin closely misses you.
You hit the hobgoblin.
The hobgoblin is moderately wounded.
The hobgoblin barely misses you.
You barely miss the hobgoblin.
The hobgoblin is moderately wounded.
The hobgoblin barely misses you. x2
You hit the hobgoblin.
The hobgoblin is moderately wounded.
The hobgoblin hits you.
You hit the hobgoblin but do no damage.
The hobgoblin is moderately wounded.
The hobgoblin misses you.
Are you sure you want to abandon this character and quit the game? (Confirm with "yes".)

#.##########........######
####.### #........'.....
.......## #........######
####.#..# .####.###
#.##.## #. #.##..# #
#.###.## ###..#####.#
........@..>#
.####..##g### ##.# (#
######## ... .. #.......
##..#.## #.###### $ $
#.#..... #.#..### #.......
####.###


You could see a hobgoblin (berserk, incited).

Vanquished Creatures
  3 endoplasms (D:1)
  A goblin (D:1)
  2 jackals (D:1)
  A kobold (D:1)
  A quokka (D:1)
  A rat (D:1)
9 creatures vanquished.

Vanquished Creatures (others)
  A plant (D:1)
1 creature vanquished.

Grand Total: 10 creatures vanquished

Notes
Turn   | Place    | Note
-------+----------+-------------------------------------------
     0 | D:1      | NinjaNoafa the Kobold Brigand began the quest for the Orb.
     0 | D:1      | Reached XP level 1. HP: 12/12 MP: 1/1
    58 | D:1      | Found a faded altar of an unknown god.
    61 | D:1      | Prayed at the altar of an unknown god.
    61 | D:1      | Became a worshipper of Gozag Ym Sagoz the Greedy
    63 | D:1      | Fell from the grace of Gozag
    82 | D:1      | Reached XP level 2. HP: 6/17 MP: 2/2
   495 | D:1      | Quit the game

Illustrated notes

Levels and vault maps discovered:
D:1:      amcnicky_arrival_blooded_trapdoor, layout_basic,
          shapermc_ecumenical_altar_mp_ritualfount

Action                   || total
-------------------------++-------
Melee: Dagger            ||    29
Throw: Dart              ||     1
Invok: Renounce Religion ||     1
 Stab: Sleeping          ||     5
Dodge: Dodged            ||    22
